 Dungeon Crawl Stone Soup version 0.28-a0-973-ga7f8b01127 (webtiles) character file.

Game seed: 6553921142944451296

11 cheechan the Charlatan (level 2, 0/18 HPs)
             Began as an Octopode Artificer on Dec 1, 2021.
             Slain by a kobold (2 damage)
             ... on level 1 of the Dungeon.
             The game lasted 00:01:23 (565 turns).

cheechan the Charlatan (Octopode Artificer)          Turns: 565, Time: 00:01:23

Health: 0/18       AC:  1    Str: 11    XL:     2   Next: 29%
Magic:  2/2        EV: 13    Int: 13    God:
Gold:   54         SH:  0    Dex: 12    Spells: 1/1 levels left

rFire   . . .      SeeInvis .   g - +0 war axe
rCold   . . .      Faith    .   (no shield)
rNeg    . . .      Spirit   .   (helmet restricted)
rPois   .          Reflect  .   (no amulet)
rElec   .          Harm     .   (no ring)
rCorr   .          Rampage  .   (no ring)
Will    .....                   (no ring)
Stlth   +++.......              (no ring)
HPRegen 0.06/turn               (no ring)
MPRegen 0.08/turn               (no ring)
                                (no ring)
                                (no ring)

@: no status effects
A: almost no armour, amphibious, 8 rings, camouflage 1, gelatinous body 1,
(nimble swimmer 1), tentacles
a: no special abilities


You were on level 1 of the Dungeon.
You visited 1 branch of the dungeon, and saw 1 of its levels.

You collected 54 gold pieces.

Inventory:

Hand Weapons
 g - a +0 war axe (weapon)
Missiles
 a - 15 bolts
 e - 18 arrows
Wands
 b - a wand of flame (14) (quivered)
 c - a wand of charming (15)
Potions
 f - a potion of attraction
 h - a potion of invisibility
Miscellaneous
 d - a piece from Xom's chessboard (15/15)


   Skills:
 + Level 1.0 Fighting
 + Level 2.5 Dodging
 + Level 1.3 Stealth
 + Level 3.9 Evocations


You had one spell level left.
You didn't know any spells.
Your spell library was empty.

Dungeon Overview and Level Annotations

Branches:
Dungeon (1/15)

Altars:


Innate Abilities, Weirdness & Mutations

You cannot wear most types of armour.
You are amphibious.
You can wear up to eight rings at the same time.
Your skin changes colour to match your surroundings (Stealth+).
Your rubbery body absorbs attacks. (AC +1, EV +1)
((You are camouflaged near water. (Stealth+)))
You have tentacles for arms and can constrict up to eight enemies at once.


Message History

a +0 short sword; a kobold corpse You now have 54 gold pieces (gained 9).
You see here 15 bolts.
a - 15 bolts
Found a scroll labelled UMOIRHOTZI.
i - a scroll labelled UMOIRHOTZI A rat comes into view.
You see here a scroll labelled UMOIRHOTZI.
i - 2 scrolls labelled UMOIRHOTZI (gained 1)
You closely miss the rat. You grab the rat. You constrict the rat.
You kill the rat!
As you read the scroll labelled UMOIRHOTZI, it crumbles to dust.
It is a scroll of identify.
f - a potion of attraction
As you read the scroll of identify, it crumbles to dust.
h - a potion of invisibility
Found a stone staircase leading down.
There is a stone staircase leading down here.
A bat, a quokka and a kobold come into view.
Found a short sword and a scale mail.
The kobold shouts!
The bat moves out of view.
A ball python comes into view.
You closely miss the quokka. Your grab misses the quokka.
The quokka bites you. x2
You slash the quokka!
You kill the quokka!
The kobold throws a stone.
The stone hits you.
You closely miss the kobold. Your grab misses the kobold.
The kobold hits you with a +0 club.
You closely miss the kobold. Your grab misses the kobold.
The kobold hits you with a +0 club. x2
* * * LOW HITPOINT WARNING * * *
You closely miss the kobold. Your grab misses the kobold.
You squeeze the kobold, but do no damage.
The kobold barely misses you.
You hit the kobold but do no damage. Your grab misses the kobold.
The kobold hits you with a +0 club.
* * * LOW HITPOINT WARNING * * *
The kobold hits you with a +0 club.
You die...

...# ###. ).. #### #...
.. ###..# #...
#.######...### #...
#..#.........# #...
#.#.####....# #... #...#
#....###...
##K.#####..........
#.@..........###...
S.........####......#...
.......#..#######.....#.
..................).....
.[......#..#.#..........
###.#... #.........†....
#..... #.#...........
###... #.#.#.........
#.. #...###.#.##.#


You could see a ball python (asleep) and a kobold.

Vanquished Creatures
  2 ball pythons (D:1)
  A goblin (D:1)
  2 hobgoblins (D:1)
  A kobold (D:1)
  A quokka (D:1)
  3 rats (D:1)
10 creatures vanquished.

Notes
Turn   | Place    | Note
-------+----------+-------------------------------------------
     0 | D:1      | cheechan the Octopode Artificer began the quest for the
                  | Orb.
     0 | D:1      | Reached XP level 1. HP: 13/13 MP: 1/1
   388 | D:1      | Reached XP level 2. HP: 16/18 MP: 2/2
   565 | D:1      | Slain by a kobold

Illustrated notes

Levels and vault maps discovered:
D:1:      dpeg_arrival_erosion, layout_rooms,
          hellmonk_ecumenical_altar_slurped_away

Action                   || total
-------------------------++-------
Melee: War axe           ||    16
       Club              ||     3
       Constrict         ||     4
       Tentacles         ||     3
Evoke: Wand              ||     1
  Use: Scroll            ||     3
Armor: Skin              ||     1
Dodge: Dodged            ||    10

Table legend: (Time is in decaauts)
 A = Elapsed time spent in this place.
 B = Non-inter-level travel time spent in this place.
 C = Inter-level travel time spent in this place.
 D = Time resting spent in this place.
 E = Time spent auto-exploring this place.
 F = Levels seen in this place.
 G = Mean time per level.
                   A        B        C        D        E       F      G
               +--------+--------+--------+--------+--------+-----+--------+
         Total |    572 |    572 |      0 |    187 |      0 |   1 |  572.0 |
       Dungeon |    572 |    572 |      0 |    187 |      0 |   1 |  572.0 |
               +--------+--------+--------+--------+--------+-----+--------+

Top non-repeatable levels by time:
     D:1: 572 daAuts
